 Dungeon Crawl Stone Soup version 0.31.0 (webtiles) character file.

Game seed: 11764235034482689081

2500 qw the Skirmisher (level 9, -4/57 HPs)
             Began as a Gargoyle Hunter on Jan 19, 2024.
             Was a Follower of Okawaru.
             Slain by Jeremiah
             ... wielding a +3 trident of draining
              (10 damage)
             ... on level 7 of the Dungeon.
             The game lasted 00:00:28 (5535 turns).

qw the Skirmisher (Gargoyle Hunter)                 Turns: 5535, Time: 00:00:29

Health: -4/57      AC: 13    Str: 16    XL:     9   Next: 53%
Magic:  12/12      EV: 11    Int:  9    God:    Okawaru [*.....]
Gold:   241        SH:  0    Dex: 17    Spells: 8/8 levels left

rFire   . . .        a - +3 shortbow (heavy)
rCold   . . .        (shield currently unavailable)
rNeg    + . .        f - +0 ring mail
rPois   inf          (no helmet)
rElec   +            (no cloak)
rCorr   .            n - +1 pair of gloves
SInv    .            (no boots)
Will    .....        g - amulet of regeneration
Stlth   +            (no ring)
HPRegen 1.09/turn    (no ring)
MPRegen 0.13/turn

%: no passive effects
@: no status effects
A: sickness immunity, AC +6, negative energy resistance 1, electricity
resistance, torment resistance 1, petrification resistance
a: Renounce Religion, Heroism


You were on level 7 of the Dungeon.
You worshipped Okawaru.
Okawaru was aware of your devotion.
You visited 2 branches of the dungeon, and saw 8 of its levels.
You also visited: Sewer.

You collected 241 gold pieces.


Innate Abilities, Weirdness & Mutations

You are immune to sickness and miasma.
Your stone body is resilient. (AC +6)
You are immune to poison.
You resist negative energy. (rN+)
You are resistant to electric shocks. (rElec)
You are resistant to unholy torment.
You are immune to petrification.


   Skills:
 - Level 7.0 Fighting
 + Level 10.5 Ranged Weapons
 - Level 2.1 Armour
 - Level 2.1 Dodging
 - Level 1.1 Stealth
 - Level 4.4 Invocations


You had 8 spell levels left.
You didn't know any spells.
Your spell library was empty.

Inventory:

Hand Weapons
 a - a +3 heavy shortbow (weapon)
Armour
 f - a +0 ring mail (worn)
 n - a +1 pair of gloves (worn)
Jewellery
 g - an amulet of regeneration (around neck)
 k - a ring of ice
Potions
 b - 4 potions of resistance
 d - a potion of curing
 e - a potion of haste
 i - 3 potions of might
 o - a potion of enlightenment
 p - a potion of lignification {unknown}
 s - a potion of magic {unknown}

Dungeon Overview and Level Annotations

Branches:
Dungeon (7/15)             Temple (1/1) D:4           Sewer (visited)

Altars:
Ashenzari
Cheibriados
Dithmenos
Elyvilon
Fedhas
Gozag
Hepliaklqana
Kikubaaqudgha
Makhleb
Nemelex Xobeh
Okawaru
Qazlal
Ru
Sif Muna
Trog
Uskayaw
Vehumet
Wu Jian
Xom
Yredelemnul
The Shining One

Shops:
D:4 (

Annotations:
D:4 3 runed translucent doors, qw's ghost, amateur GrHu
D:7 Jeremiah


Message History

Jeremiah hits you from afar with a +3 trident of draining!
The butterfly disappears in a burst of colours!
Jeremiah shouts, "O dreadful one, destroy my foe!"
Something smites you!
The butterfly disappears in a burst of colours! x3
Jeremiah misses you.
The butterfly disappears in a burst of colours!
Jeremiah hits you but does no damage.
Jeremiah hits you from afar with a +3 trident of draining.
The butterfly disappears in a burst of colours!
Jeremiah closely misses you.
The butterfly disappears in a burst of colours!
Jeremiah whispers, "I obey.
I obey.
I obey."
Jeremiah shouts, "O dreadful one, destroy my foe!"
Something smites you! Jeremiah closely misses you.
The butterfly disappears in a burst of colours! x2
Jeremiah misses you. Jeremiah hits you but does no damage.
You feel like a meek peon again.
The butterfly disappears in a burst of colours!
Jeremiah hits you but does no damage.
Enter note:
Enter note:
Enter note:
Enter note: You shoot an arrow.
The arrow hits the butterfly!!
You kill the butterfly!
The butterfly disappears in a burst of colours!
The butterfly disappears in a burst of colours!
Jeremiah throws their arms up pleadingly.
Something smites you! Jeremiah hits you but does no damage.
The butterfly disappears in a burst of colours!
Jeremiah hits you from afar with a +3 trident of draining!
The butterfly disappears in a burst of colours!
Jeremiah hits you from afar with a +3 trident of draining!
The butterfly disappears in a burst of colours! x2
Jeremiah hits you from afar with a +3 trident of draining!
You die...
Jeremiah says, "O terrible one, your will is done."

..>...# #.####.###### #....# #
......# #.# #......###....# #
#..#)##### #.# ######.#...######
.........###.# #.#.)## #.
..........##.# #...<# ###.
.#.........#.## #####...#####...
........#.....####.b.............
........##......bb.#b###..#######
............##b.@b.bb..b......# #
...)...#.#.###..bbb##.........#
......##.#...b..##Fb..........#
.#...###.#.##########b........#
.######....### ######..b......#
.##..........###..............#
....###.####.........###.######
.#### #.# #####.....# #..# )# #.#
#.#...# ##.## ####


You could see Jeremiah.

Vanquished Creatures
  Grinder (D:3)
  Prince Ribbit (D:7)
  Sigmund (D:4)
  2 orc warriors
  A crocodile (Sewer)
  2 ogres
  2 centaurs (D:7)
  A bullfrog (D:6)
  2 kobold brigands (Sewer)
  A gnoll sergeant (D:7)
  2 scorpions (D:5)
  2 bombardier beetles (D:5)
  2 jellies
  4 orc priests
  4 hounds
  3 sleepcaps
  3 iguanas
  6 orc wizards
  3 gnolls (D:7)
  11 adders
  3 river rats (Sewer)
  6 ufetubi
  3 dart slugs
  A ribbon worm (D:3)
  27 orcs
  2 bats
  6 endoplasms
  4 giant cockroaches
  9 goblins
  7 hobgoblins
  4 jackals (D:4)
  6 quokkas
  6 ball pythons
  5 frilled lizards
  6 kobolds
  6 rats
155 creatures vanquished.

Notes
Turn   | Place    | Note
-------+----------+-------------------------------------------
     0 | D:1      | qw the Gargoyle Hunter began the quest for the Orb.
     0 | D:1      | Reached XP level 1. HP: 12/12 MP: 1/1
     0 | D:1      | 0 ||| qw: Version: 0.3-a-132-g3d54051
     0 | D:1      | 0 ||| qw: Game counter: 47
     0 | D:1      | 0 ||| qw: Melee chars always use a shield: true
     0 | D:1      | 0 ||| qw: God list: Okawaru
     0 | D:1      | 0 ||| qw: Allow faded altars: false
     0 | D:1      | 0 ||| qw: Do Orc after clearing Dungeon:15 true
     0 | D:1      | 0 ||| qw: Do second Lair branch before Depths: true
     0 | D:1      | 0 ||| qw: Lair rune preference: random
     0 | D:1      | 0 ||| qw: Goals: Normal
     0 | D:1      | 0 ||| PLANNING D:1-11
   138 | D:1      | Reached XP level 2. HP: 11/17 MP: 2/2
   666 | D:1      | 666 ||| UPGRADING to +0 ring mail.
   676 | D:1      | 676 ||| DROPPING +0 leather armour.
   677 | D:1      | 677 ||| READING scroll labelled LEUMONELUA.
   677 | D:1      | 677 ||| BRANDING +0 shortbow.
   678 | D:1      | 678 ||| READING 2 scrolls labelled CATOTI FIGH.
   682 | D:1      | 682 ||| READING scroll labelled EMUCZA VOADALOU.
   683 | D:1      | 683 ||| DROPPING scroll of butterflies.
   699 | D:2      | Found a white marble altar of Elyvilon.
   702 | D:2      | Reached skill level 1 in Armour
   702 | D:2      | Reached XP level 3. HP: 21/21 MP: 3/3
   779 | D:2      | 779 ||| FLEEEEING.
   929 | D:2      | Found a faded altar of an unknown god.
  1190 | D:2      | Reached skill level 5 in Ranged Weapons
  1225 | D:2      | 1225 ||| UPGRADING to amulet of regeneration.
  1230 | D:2      | 1230 ||| READING 2 scrolls labelled QUCRAR XESUURGH.
  1230 | D:2      | 1230 ||| IDENTIFYING brown potion
  1231 | D:2      | 1231 ||| READING scroll of identify.
  1231 | D:2      | 1231 ||| IDENTIFYING scroll labelled VETAIQ ODELEPI
  1232 | D:2      | 1232 ||| READING scroll of enchant weapon.
  1232 | D:2      | 1232 ||| ENCHANTING +0 shortbow of electrocution.
  1233 | D:2      | 1233 ||| READING scroll labelled NESEUC TYKK.
  1234 | D:2      | 1234 ||| DROPPING potion of brilliance.
  1266 | D:3      | 1266 ||| PLANNING SEWER
  1316 | D:3      | Noticed Grinder
  1322 | D:3      | Paralysed by Grinder for 2 turns
  1328 | D:3      | Paralysed by Grinder for 5 turns
  1333 | D:3      | Killed Grinder
  1334 | D:3      | Reached XP level 4. HP: 14/31 MP: 4/4
  1334 | D:3      | Reached XP level 5. HP: 16/35 MP: 5/5
  1334 | D:3      | Reached XP level 6. HP: 18/40 MP: 6/6
  1404 | D:3      | Found a glowing drain.
  1407 | D:3      | 1407 ||| DRINKING 2 fizzy grey potions.
  1425 | Sewer    | Entered a sewer
  1523 | Sewer    | HP: 7/40 [river rat (5)]
  1524 | Sewer    | 1524 ||| READING 2 scrolls of teleportation.
  1529 | Sewer    | 1529 ||| READING scroll of teleportation.
  1529 | Sewer    | HP: 7/40 [kobold brigand/+0 short sword (4)]
  1543 | Sewer    | Reached skill level 6 in Ranged Weapons
  1603 | Sewer    | Reached XP level 7. HP: 44/44 MP: 7/7
  1739 | Sewer    | 1739 ||| DRINKING 2 fizzy silvery potions.
  1751 | D:3      | 1751 ||| PLANNING D:1-11
  2130 | D:3      | 2130 ||| READING scroll of brand weapon.
  2130 | D:3      | 2130 ||| BRANDING +1 shortbow of electrocution.
  2254 | D:3      | 2254 ||| UPGRADING to +0 pair of gloves.
  2259 | D:3      | 2259 ||| READING scroll of identify.
  2259 | D:3      | 2259 ||| IDENTIFYING grey potion
  2260 | D:3      | 2260 ||| DRINKING 2 green potions.
  2336 | D:4      | Reached skill level 7 in Ranged Weapons
  2422 | D:4      | Found a runed translucent gate.
  2423 | D:4      | Found a runed translucent gate.
  2424 | D:4      | Found a runed translucent gate.
  2426 | D:4      | Noticed qw's ghost (amateur GrHu)
  2427 | D:4      | Noticed qw's ghost (amateur GrHu)
  2427 | D:4      | Noticed qw's ghost (amateur GrHu)
  2486 | D:4      | Noticed Sigmund
  2495 | D:4      | Killed Sigmund
  2527 | D:4      | Found Saagirom's Weapon Shop.
  2607 | D:4      | Reached skill level 8 in Ranged Weapons
  2710 | D:4      | Found a staircase to the Ecumenical Temple.
  2711 | D:4      | 2711 ||| PLANNING TEMPLE
  2711 | D:4      | 2711 ||| READING scroll of identify.
  2711 | D:4      | 2711 ||| IDENTIFYING black potion
  2712 | D:4      | 2712 ||| READING scroll labelled QIENUA MENIUME.
  2719 | Temple   | Entered the Ecumenical Temple
  2720 | Temple   | 2720 ||| PLANNING OKAWARU WORSHIP
  2752 | Temple   | Became a worshipper of Warmaster Okawaru
  2753 | Temple   | 2753 ||| PLANNING D:1-11
  3073 | D:4      | 3073 ||| READING scroll of identify.
  3073 | D:4      | 3073 ||| IDENTIFYING coppery potion
  3074 | D:4      | 3074 ||| DROPPING potion of degeneration.
  3106 | D:5      | Entered Level 5 of the Dungeon
  3118 | D:5      | Found an ornate altar of the Wu Jian Council.
  3118 | D:5      | Found a hide-covered altar of Uskayaw.
  3122 | D:5      | Found a broken altar of Ashenzari.
  3122 | D:5      | Found a basalt altar of Yredelemnul.
  3143 | D:5      | HP: 11/44 [burnt (4)]
  3145 | D:5      | 3145 ||| FLEEEEING.
  3146 | D:5      | HP: 5/44 [burnt (3)]
  3201 | D:5      | Reached XP level 8. HP: 50/50 MP: 8/8
  3261 | D:5      | 3261 ||| FLEEEEING.
  3781 | D:5      | Reached skill level 9 in Ranged Weapons
  3899 | D:5      | Reached * piety under Okawaru
  3976 | D:6      | Reached skill level 1 in Invocations
  3982 | D:6      | Reached skill level 6 in Fighting
  4076 | D:6      | 4076 ||| FLEEEEING.
  4132 | D:6      | Found a burning altar of Makhleb.
  4426 | D:6      | Found an ancient bone altar of Kikubaaqudgha.
  4663 | D:6      | 4663 ||| READING 2 scrolls of enchant weapon.
  4663 | D:6      | 4663 ||| ENCHANTING +1 heavy shortbow.
  4664 | D:6      | 4664 ||| READING scroll of enchant weapon.
  4664 | D:6      | 4664 ||| ENCHANTING +2 heavy shortbow.
  4685 | D:6      | 4685 ||| READING 2 scrolls of identify.
  4685 | D:6      | 4685 ||| IDENTIFYING silvery potion
  4686 | D:6      | 4686 ||| READING scroll of identify.
  4686 | D:6      | 4686 ||| IDENTIFYING viscous amethyst potion
  4687 | D:6      | 4687 ||| READING scroll labelled SIURRIUMAT.
  4688 | D:6      | 4688 ||| READING scroll labelled TAGAIS DIZEO.
  4689 | D:6      | 4689 ||| DROPPING potion of ambrosia.
  4726 | D:7      | 4726 ||| STAIRDANCE
  4737 | D:6      | Reached skill level 3 in Invocations
  4747 | D:7      | 4747 ||| STAIRDANCE
  4762 | D:7      | Reached XP level 9. HP: 54/55 MP: 11/11
  4786 | D:7      | 4786 ||| DROPPING wand of flame (11).
  4811 | D:7      | Noticed Prince Ribbit
  4812 | D:7      | 4812 ||| INVOKING Heroism.
  4818 | D:7      | Killed Prince Ribbit
  4928 | D:7      | Reached skill level 10 in Ranged Weapons
  4928 | D:7      | 4928 ||| FLEEEEING.
  4931 | D:7      | 4931 ||| FLEEEEING.
  4932 | D:7      | 4932 ||| FLEEEEING.
  4934 | D:7      | 4934 ||| FLEEEEING.
  4935 | D:7      | 4935 ||| FLEEEEING.
  4937 | D:7      | 4937 ||| FLEEEEING.
  5154 | D:7      | Reached ** piety under Okawaru
  5191 | D:7      | 5191 ||| FLEEEEING.
  5202 | D:7      | 5202 ||| FLEEEEING.
  5368 | D:7      | Noticed Jeremiah
  5379 | D:7      | 5379 ||| READING scroll labelled VAETRI USHIA.
  5379 | D:7      | 5379 ||| ENCHANTING +0 pair of gloves.
  5387 | D:7      | 5387 ||| INVOKING Heroism.
  5391 | D:7      | 5391 ||| READING scroll labelled JUMUCOA ZIEDD.
  5401 | D:7      | HP: 13/57 [Jeremiah/divine providence (11)]
  5402 | D:7      | 5402 ||| READING scroll of teleportation.
  5403 | D:7      | 5403 ||| DRINKING potion of heal wounds.
  5424 | D:7      | 5424 ||| FLEEEEING.
  5490 | D:7      | 5490 ||| INVOKING Heroism.
  5510 | D:7      | 5510 ||| INVOKING Heroism.
  5534 | D:7      | HP: 5/57 [Jeremiah/+3 trident of draining (12)]
  5535 | D:7      | Slain by Jeremiah

Levels and vault maps discovered:
D:1:      amcnicky_arrival_blooded_trapdoor, layout_loops_ring,
          minmay_stone_trees_medium
D:2:      layout_basic, basic_altar, shapermc_ecumenical_altar_flowoftime
D:3:      layout_loops_ring, portal_sewer_entry_f, uniq_grinder
D:4:      layout_loops_ring, minmay_temple_entry_hall, gammafunk_ghost_cemetery,
          serial_shops, shop, uniq_sigmund
D:5:      layout_gridville, grunt_temple_overflow_open, kennysheep_diamond,
          nrook_pool_corridor
D:6:      layout_cave_pods, nicolae_overflow_crystal_walls,
          nicolae_overflow_hidden_temple
D:7:      layout_rooms, zin_treasury, grunt_decor_arrowhead,
          minmay_misc_feat_cross, nicolae_kite_square_tiling_tiny,
          serial_bayou_pond_d, hangedman_decor_clover_reticule,
          uniq_prince_ribbit1, uniq_jeremiah
Temple:   regret_index_temple_waves

Skill      XL: |  1  2  3  4  5  6  7  8  9 |
---------------+----------------------------+-----
Armour         | 1 2 |  2.1
Ranged Weapons | 5 6 8 9 10 | 10.5
Fighting       | 5 6 7 |  7.0
Dodging        | 2 |  2.1
Invocations    | 3 4 |  4.4
Stealth        | |  1.1

Action                     |  1- 3 |  4- 6 |  7- 9 || total
---------------------------+-------+-------+-------++-------
   Fire: Shortbow          |    88 |    70 |   338 ||   496
 Invoke: Heroism           |       |       |     4 ||     4
    Use: Scroll            |     7 |     2 |    14 ||    23
         Potion            |       |     1 |     3 ||     4
 Armour: Leather armour    |     5 |       |       ||     5
         Ring mail         |    20 |    34 |   217 ||   271
  Dodge: Dodged            |    15 |    35 |   149 ||   199

Table legend:
 A = Non-vault XP
 B = Vault XP
 C = Vault XP percentage of total XP
 D = Non-vault monster count
 E = Vault monster count
 F = Vault count percentage of total count
                 A         B        C        D         E       F
            +---------+---------+-------+---------+---------+-------
      Total |    2327 |    1245 |  34.9 |     127 |      28 |  18.1
            +---------+---------+-------+---------+---------+-------
        D:1 |      24 |       0 |   0.0 |      14 |       0 |   0.0
        D:2 |      35 |       0 |   0.0 |      11 |       0 |   0.0
        D:3 |      41 |     277 |  87.1 |      10 |       6 |  37.5
        D:4 |     124 |     231 |  65.1 |      28 |       1 |   3.4
        D:5 |     481 |      96 |  16.6 |      17 |       2 |  10.5
        D:6 |     619 |       0 |   0.0 |      22 |       0 |   0.0
        D:7 |    1003 |     255 |  20.3 |      25 |       1 |   3.8
      Sewer |       0 |     386 | 100.0 |       0 |      18 | 100.0
            +---------+---------+-------+---------+---------+-------
